 Dungeon Crawl Stone Soup version 0.28.0-43-g3370ac3207 (webtiles) character file.

Game seed: 18413096802542787541

82 funkygono the Firebug (level 4, -2/30 HPs)
             Began as a Demonspawn Fire Elementalist on Mar 14, 2022.
             Slain by a gnoll
             ... wielding a +0 flail
              (8 damage)
             ... on level 2 of the Dungeon.
             The game lasted 00:02:42 (1952 turns).

funkygono the Firebug (DsFE)                        Turns: 1952, Time: 00:02:42

Health: -2/30      AC:  2    Str:  8    XL:     4   Next: 21%
Magic:  1/7        EV: 12    Int: 18    God:
Gold:   75         SH:  0    Dex: 14    Spells: 2/8 levels left

rFire   . . .      SeeInvis .   b - +0 flail
rCold   . . .      Faith    .   (no shield)
rNeg    . . .      Spirit   .   a - +0 robe
rPois   .          Reflect  .   (helmet restricted)
rElec   .          Harm     .   (no cloak)
rCorr   .          Rampage  .   (no gloves)
Will    .....                   (no boots)
Stlth   ++........              (no amulet)
HPRegen 0.10/turn               (no ring)
MPRegen 0.10/turn               (no ring)

@: no status effects
A: claws 1, horns 2
a: no special abilities


You were on level 2 of the Dungeon.
You visited 1 branch of the dungeon, and saw 2 of its levels.

You collected 75 gold pieces.

Inventory:

Hand Weapons
 b - a +0 flail (weapon)
Missiles
 i - 15 stones
Armour
 a - a +0 robe (worn)
 f - an orb of guile
Scrolls
 g - a scroll of blinking {unknown}
 h - a scroll of noise {unknown}
 j - a scroll of identify {unknown}
Potions
 c - a potion of lignification {unknown}
 d - 2 potions of brilliance {unknown}
 e - 2 potions of mutation {unknown}
 k - a potion of curing {unknown}


   Skills:
 + Level 2.2 Dodging
 - Level 1.7 Stealth
 * Level 2.6 Spellcasting
 * Level 2.2 Conjurations
 * Level 3.5 Fire Magic


You had 2 spell levels left.
You knew the following spells:

 Your Spells              Type           Power      Damage    Failure   Level
a - Foxfire               Conj/Fire      48%        2x1d6     5%          1
b - Scorch                Fire           30%        2d7       6%          2
c - Conjure Flame         Conj/Fire      12%        6-21      16%         3

Your spell library contained the following spells:

 Spells                   Type           Power      Damage    Failure   Level
 Inner Flame              Hex/Fire       8%         N/A       26%         3
 Flame Wave               Conj/Fire      12%        2d6       45%         4


Dungeon Overview and Level Annotations

Branches:
Dungeon (2/15)

Altars:


Innate Abilities, Weirdness & Mutations

You have sharp fingernails.
You have a pair of horns on your head.


Message History

The foxfire hits the gnoll.
The gnoll is heavily wounded.
The gnoll hits you from afar with a +0 spear.
Casting: Foxfire (safe; 5% risk of failure)
Confirm with . or Enter, or press ? or * to list all spells.
You conjure some foxfire!
The foxfire hits the gnoll.
The gnoll is almost dead.
The foxfire hits the gnoll.
You kill the gnoll!
The foxfire hits the gnoll.
The gnoll is lightly wounded.
Your Conjurations skill increases to level 2!
Casting: Foxfire (safe; 5% risk of failure)
Confirm with . or Enter, or press ? or * to list all spells.
You conjure some foxfire!
Unknown command.
The foxfire hits the gnoll but does no damage.
The gnoll is lightly wounded.
The foxfire hits the gnoll.
The gnoll is moderately wounded.
The foxfire hits the gnoll.
The gnoll is severely wounded.
The gnoll hits you with a +0 flail!
Casting: Foxfire (safe; 5% risk of failure)
Confirm with . or Enter, or press ? or * to list all spells.
You conjure some foxfire!
The gnoll hits you with a +0 flail.
Unknown command.
The foxfire hits the gnoll.
The gnoll is almost dead.
The foxfire hits the gnoll.
The gnoll is almost dead.
Casting: Foxfire (safe; 5% risk of failure)
Confirm with . or Enter, or press ? or * to list all spells.
You don't have enough magic to cast this spell.
You barely miss the gnoll. Your headbutt misses the gnoll.
The gnoll is almost dead.
The gnoll hits you with a +0 flail!
* * * LOW HITPOINT WARNING * * *
The gnoll hits you with a +0 flail!
You die...

#.####......# #..
####.#.........#####
#...>'..............
######............##
.. #...######....# #.
#.### #....## #.##.#
##.)... ####.§).######
#)###. #....@g......#
#<..#.
#.#....).....####...#.
#......(............
#.................#.
#.............†...#.
#.................#.
#.................#.
#..........########.
... #.


You could see a gnoll.

Vanquished Creatures
  A gnoll (D:2)
  2 adders (D:2)
  A dart slug (D:1)
  4 bats
  An endoplasm (D:1)
  4 giant cockroaches
  2 goblins (D:2)
  4 hobgoblins
  6 jackals
  3 kobolds
  5 quokkas
  10 ball pythons
  A frilled lizard (D:1)
  2 rats
46 creatures vanquished.

Vanquished Creatures (others)
  121 foxfires
121 creatures vanquished.

Grand Total: 167 creatures vanquished

Notes
Turn   | Place    | Note
-------+----------+-------------------------------------------
     0 | D:1      | funkygono the Demonspawn Fire Elementalist began the quest
                  | for the Orb.
     0 | D:1      | Reached XP level 1. HP: 13/13 MP: 3/3
   246 | D:1      | Reached skill level 3 in Fire Magic
   357 | D:1      | Discovered your monstrous ancestry.
   357 | D:1      | Gained mutation: You have a pair of small horns on your
                  | head. [demonic ancestry]
   357 | D:1      | Reached XP level 2. HP: 19/19 MP: 3/5
   360 | D:1      | Learned a level 2 spell: Scorch
   744 | D:1      | Found a faded altar of an unknown god.
  1280 | D:1      | Gained mutation: You have sharp fingernails. [demonic
                  | ancestry]
  1280 | D:1      | Reached XP level 3. HP: 24/24 MP: 3/6
  1287 | D:1      | Learned a level 3 spell: Conjure Flame
  1786 | D:2      | Gained mutation: You have a pair of horns on your head.
                  | [demonic ancestry]
  1786 | D:2      | Reached XP level 4. HP: 29/30 MP: 0/7
  1952 | D:2      | Slain by a gnoll

Illustrated notes

Levels and vault maps discovered:
D:1:      shiori_arrival_elements, layout_loops_corners,
          dilly_ecumenical_altar_fadedgnrine
D:2:      layout_basic, minmay_close_crescents, uniq_natasha

Skill      XL: |  1  2  3  4 |
---------------+-------------+-----
Fire Magic     | 3 |  3.5
Dodging        | 2 |  2.2
Conjurations   | 2 |  2.2
Stealth        | |  1.7
Spellcasting   | |  2.6

Action                   |  1- 3 |  4- 6 || total
-------------------------+-------+-------++-------
Melee: Flail             |     1 |     3 ||     4
       Headbutt          |     1 |       ||     1
 Cast: Foxfire           |    64 |     8 ||    72
       Scorch            |     2 |       ||     2
Armor: Robe              |     2 |     1 ||     3
Dodge: Dodged            |    10 |     2 ||    12
